 Dungeon Crawl Stone Soup version 0.21.0-3-g78d12a8 (webtiles) character file.

40 Ignatius881 the Charmwright (level 3, -1/31 HPs)
             Began as a Gnoll Skald on Jan 9, 2018.
             Slain by an adder (5 damage)
             ... on level 2 of the Dungeon.
             The game lasted 00:03:52 (1114 turns).

Ignatius881 the Charmwright (Gnoll Skald)           Turns: 1114, Time: 00:03:52

Health: -1/31      AC:  3    Str: 16    XL:     3   Next: 50%
Magic:  9/9        EV: 14    Int: 15    God:
Gold:   97         SH:  0    Dex: 15    Spells: 11/12 levels left

rFire    . . .     SeeInvis .   a - +0 hand axe
rCold    . . .     Gourm    .   (no shield)
rNeg     . . .     Faith    .   b - +0 leather armour
rPois    .         Spirit   .   (no helmet)
rElec    .         Reflect  .   (no cloak)
rCorr    .         Harm     .   (no gloves)
MR       .....                  (no boots)
Stlth    +.........             (no amulet)
HPRegen  0.10/turn              d - +3 ring of strength
MPRegen  0.11/turn              (no ring)

@: lethally poisoned (-1 -> -6)
A: distributed training, fangs 1, strong nose
a: no special abilities


You were on level 2 of the Dungeon.
You were hungry.

You visited 1 branch of the dungeon, and saw 2 of its levels.

You collected 97 gold pieces.

Inventory:

Hand Weapons
 a - a +0 hand axe (weapon)
Armour
 b - a +0 leather armour (worn)
Jewellery
 d - a +3 ring of strength (left hand)
   (You found it on level 2 of the Dungeon)
 i - an uncursed ring of protection from cold
   (You found it on level 1 of the Dungeon)
Scrolls
 f - a scroll of amnesia {unknown}
 j - a scroll of remove curse {unknown}
Potions
 g - 2 potions of might {unknown}
 k - a potion of resistance {unknown}
 l - a potion of ambrosia {unknown}
 m - a potion of mutation {unknown}
Books
 c - a book of Battle
Comestibles
 e - 6 rations


   Skills:
 + Level 4.5 Fighting
 + Level 0.8 Short Blades
 + Level 0.8 Long Blades
 + Level 4.5 Axes
 + Level 0.8 Maces & Flails
 + Level 0.8 Polearms
 + Level 0.8 Staves
 + Level 0.8 Slings
 + Level 0.8 Bows
 + Level 0.8 Crossbows
 + Level 0.8 Throwing
 + Level 2.6 Armour
 + Level 4.5 Dodging
 + Level 0.8 Stealth
 + Level 0.8 Shields
 + Level 0.8 Unarmed Combat
 + Level 5.0 Spellcasting
 + Level 0.5 Conjurations
 + Level 0.5 Hexes
 + Level 5.4 Charms
 + Level 0.5 Summonings
 + Level 0.5 Necromancy
 + Level 0.5 Translocations
 + Level 0.5 Transmutations
 + Level 0.5 Fire Magic
 + Level 0.5 Ice Magic
 + Level 0.5 Air Magic
 + Level 0.5 Earth Magic
 + Level 0.5 Poison Magic
 + Level 1.0 Invocations
 + Level 0.8 Evocations


You had 11 spell levels left.
You knew the following spells:

 Your Spells              Type           Power        Failure   Level  Hunger
a - Infusion              Chrm           ###.         1%          1    None


Dungeon Overview and Level Annotations

Branches:
Dungeon (2/15)

Altars:


Innate Abilities, Weirdness & Mutations

Your experience applies equally to all skills.
You have very sharp teeth.
Your uncanny sense of smell can sniff out nearby items.


Message History

The jackal closely misses you. The jackal bites you.
The jackal barely misses you.
The jackal bites you but does no damage.
You closely miss the jackal. You barely miss the jackal.
You closely miss the jackal.
The jackal bites you but does no damage.
The jackal misses you. The jackal barely misses you. The jackal misses you.
The jackal bites you.
You closely miss the jackal. You hit the jackal. You closely miss the jackal.
The jackal closely misses you. The jackal bites you. The jackal misses you.
The jackal closely misses you. x2
You hit the jackal.
You kill the jackal!
You closely miss the jackal. You barely miss the jackal. The jackal bites you.
The jackal misses you. The adder bites you.
The jackal bites you but does no damage.
You miss the jackal. You barely miss the jackal. You hit the adder.
The jackal bites you but does no damage. x2
The adder bites you. The jackal barely misses you.
You hit the jackal.
You kill the jackal!
Your Invocations skill increases to level 1!
You hit the jackal. You closely miss the adder. The adder bites you.
The jackal bites you but does no damage.
The adder bites you but does no damage.
You miss the jackal. You hit the worm. You hit the adder.
The jackal barely misses you. The adder closely misses you.
The jackal closely misses you. The worm bites you!
* * * LOW HITPOINT WARNING * * *
The adder bites you but does no damage.
You are too injured to fight recklessly!
You are too injured to fight recklessly!
You are too injured to fight recklessly!
You are too injured to fight recklessly!
You are too injured to fight recklessly!
You are too injured to fight recklessly!
You are too injured to fight recklessly!
You closely miss the adder. The adder bites you.
* * * LOW HITPOINT WARNING * * *
You are poisoned.
The adder poisons you!
You barely miss the adder. Your bite misses the adder.
You feel sick. The adder bites you.
* * * LOW HITPOINT WARNING * * *
You closely miss the adder. The adder closely misses you.
The adder barely misses you.
You closely miss the adder.
* * * LOW HITPOINT WARNING * * *
You feel sick. The adder bites you.
You die...

.........# .......)..
#.......#. #.
#.......#. #.#
#.......#.## ∆#.#
........#..# ...
......†.##.####.#
......†hS@....#.#
....$..w###.#.#.#####.#
........# #.#.#.......#
....[...#
#...#.##########
.....(..#
##..............
.##+#####
#....########## #....#
#.. ........# #.#
........# #.#


You could see a worm, an adder and a jackal.

Vanquished Creatures
  An adder (D:2)
  A giant cockroach (D:1)
  7 goblins
  5 hobgoblins (D:1)
  2 jackals (D:2)
  4 kobolds (D:1)
  3 bats (D:1)
  2 frilled lizards (D:1)
  3 rats
28 creatures vanquished.

Notes
Turn   | Place    | Note
-------+----------+-------------------------------------------
     0 | D:1      | Ignatius881 the Gnoll Skald began the quest for the Orb.
     0 | D:1      | Reached XP level 1. HP: 20/20 MP: 6/6
   179 | D:1      | Reached XP level 2. HP: 26/26 MP: 7/7
   573 | D:1      | Reached XP level 3. HP: 23/31 MP: 9/9
   735 | D:1      | Reached skill level 5 in Spellcasting
  1107 | D:2      | Reached skill level 1 in Invocations
  1114 | D:2      | Slain by an adder

Skill      XL: |  1  2  3 |
---------------+----------+-----
Spellcasting   | 5 |  5.0
Invocations    | 1 |  1.0
Fighting       | |  4.5
Short Blades   | |  0.8
Long Blades    | |  0.8
Axes           | |  4.5
Maces & Flails | |  0.8
Polearms       | |  0.8
Staves         | |  0.8
Slings         | |  0.8
Bows           | |  0.8
Crossbows      | |  0.8
Throwing       | |  0.8
Armour         | |  2.6
Dodging        | |  4.5
Stealth        | |  0.8
Shields        | |  0.8
Unarmed Combat | |  0.8
Conjurations   | |  0.5
Hexes          | |  0.5
Charms         | |  5.4
Summonings     | |  0.5
Necromancy     | |  0.5
Translocations | |  0.5
Transmutations | |  0.5
Fire Magic     | |  0.5
Ice Magic      | |  0.5
Air Magic      | |  0.5
Earth Magic    | |  0.5
Poison Magic   | |  0.5
Evocations     | |  0.8

Action                   || total
-------------------------++-------
Melee: Hand axe          ||    88
       Bite              ||     8
 Cast: Infusion          ||     1
  Use: Scroll            ||     2
Armor: Leather armour    ||    25
Dodge: Dodged            ||    73
